 Dungeon Crawl Stone Soup version 0.30-a0-322-g102857c98e (webtiles) character file.

Game seed: 18305404862701079845

13482 IdlyInterested the Carver (level 11, -3/102 HPs)
             Began as a Demonspawn Wanderer on Oct 27, 2022.
             Slain by Snorg (17 damage)
             ... on level 11 of the Dungeon.
             The game lasted 00:54:04 (10010 turns).

IdlyInterested the Carver (Demonspawn Wanderer)    Turns: 10010, Time: 00:54:05

Health: -3/102     AC: 10    Str: 11    XL:     11   Next: 76%
Magic:  12/12      EV: 14    Int: 15    God:
Gold:   262        SH:  8    Dex: 26    Spells: 12/12 levels left

rFire   . . .      SeeInvis .    u - +6 scimitar (elec)
rCold   . . .      Faith    .    (no shield)
rNeg    . . .      Spirit   .    O - +2 troll leather armour
rPois   +          Reflect  .    G - +1 hat {Int+3}
rElec   .          Harm     .    T - +0 cloak
rCorr   .          Rampage  .    A - +0 pair of gloves
Will    .....                    j - +0 pair of boots
Stlth   +++.......               p - amulet of regeneration
HPRegen 1.97/turn                t - +6 ring of dexterity
MPRegen 0.13/turn                v - ring of poison resistance

@: mighty, studying Fighting
A: antennae 2, large bone plates 3, demonic guardian 1, robust 1, noise
suppression
a: no special abilities


You were on level 11 of the Dungeon.
You visited 2 branches of the dungeon, and saw 12 of its levels.

You collected 638 gold pieces.
You spent 376 gold pieces at shops.

Inventory:

Hand Weapons
 a - a +4 vorpal falchion
 f - a +5 falchion of freezing
 u - a +6 scimitar of electrocution (weapon)
 N - a +1 vampiric short sword
 R - the +7 dagger of Anger {speed, Drain Fragile rC+ Dex+10}
   (You bought it in a shop on level 3 of the Dungeon)

   Attacks with this weapon are significantly faster.
   Dex:       It affects your dexterity (+10).
   rC:        It protects you from cold.
   Drain:     It drains your maximum health when unequipped.
   Fragile:   It will be destroyed if unequipped.
Missiles
 b - 4 curare-tipped darts
 s - 44 poisoned darts (quivered)
 H - 9 boomerangs
Armour
 j - a +0 pair of boots (worn)
 n - an orb of energy
 A - a +0 pair of gloves (worn)
 G - a +1 hat of intelligence (worn)
 O - a +2 troll leather armour (worn)
 Q - a +2 leather armour of fire resistance
 T - a +0 cloak (worn)
Jewellery
 k - an amulet of magic regeneration
 p - an amulet of regeneration (around neck)
 t - a +6 ring of dexterity (left hand)
 v - a ring of poison resistance (right hand)
 D - a ring of flight
 I - a ring of wizardry
Wands
 z - a wand of flame (7)
 P - a wand of iceblast (4)
Scrolls
 l - a scroll of acquirement
 m - a scroll of butterflies
 r - 2 scrolls of magic mapping
 B - 3 scrolls of fear
 C - 7 scrolls of teleportation
 E - 2 scrolls of brand weapon
 K - a scroll of amnesia
 L - 3 scrolls of blinking
 S - a scroll of enchant weapon
Potions
 c - 2 potions of attraction
 g - a potion of brilliance
 i - a potion of haste
 o - a potion of invisibility
 q - 6 potions of curing
 w - a potion of berserk rage
 x - 3 potions of mutation
 F - 2 potions of flight
 M - a potion of cancellation


   Skills:
 + Level 11.5 Fighting
 * Level 12.5 Long Blades
 - Level 1.0 Ranged Weapons
 - Level 2.0 Throwing
 - Level 2.0 Armour
 - Level 4.0 Dodging
 + Level 3.2 Stealth
 + Level 8.0 Shields
 - Level 1.0 Spellcasting
 - Level 2.0 Evocations


You had 12 spell levels left.
You didn't know any spells.
Your spell library contained the following spells:

 Spells                   Type           Power      Damage    Failure   Level
 Beastly Appendage        Tmut           0%         N/A       32%         1
 Necrotise                Necr           0%         1d4       32%         1
 Sublimation of Blood     Necr           0%         N/A       43%         2
 Wereblood                Tmut           0%         N/A       43%         2
 Dazzling Flash           Conj/Hex       0%         N/A       67%         3
 Spider Form              Tmut/Pois      0%         N/A       67%         3
 Tukima's Dance           Hex            0%         N/A       67%         3
 Vampiric Draining        Necr           0%         2d6       67%         3
 Airstrike                Air            0%         2d(0-16)  97%         4
 Passage of Golubria      Tloc           0%         N/A       97%         4
 Summon Lightning Spire   Summ/Air       0%         N/A       97%         4
 Agony                    Necr           0%         N/A       100%        5
 Lightning Bolt           Conj/Air       0%         1d11      100%        5
 Silence                  Hex/Air        0%         N/A       100%        5
 Yara's Violent Unravell  Hex/Tmut       0%         3d3       100%        5
 Summon Hydra             Summ           0%         N/A       100%        7


Dungeon Overview and Level Annotations

Branches:
Dungeon (11/15)            Temple (1/1) D:5            Lair (0/5) D:11
    Orc (0/2) D:9

Altars:
Ashenzari
Cheibriados
Dithmenos
Fedhas
Gozag
Hepliaklqana
Kikubaaqudgha
Makhleb
Nemelex Xobeh
Okawaru
Qazlal
Ru
Sif Muna
Trog
Uskayaw
Vehumet
Wu Jian
Xom
Yredelemnul

Shops:
D:3 ?:(   D:11 ==(

Annotations:
D:11 3 runed translucent doors, Snorg


Innate Abilities, Weirdness & Mutations

You have a pair of antennae on your head.
You are completely covered in large bone plates. (SH +8)
A weak demonic guardian rushes to your aid.
You are robust. (+10% HP)
You passively dampen the noise of your surroundings.


Message History

You block Snorg's attack. Snorg misses you. Snorg closely misses you.
You feel much better. Snorg bites you!! Snorg claws you!
* * * LOW HITPOINT WARNING * * *
Snorg closely misses you.
You feel very mighty all of a sudden. You block Snorg's attack.
Snorg claws you but does no damage. Snorg barely misses you. Snorg bites you.
* * * LOW HITPOINT WARNING * * *
Snorg completely misses you. Snorg claws you but does no damage.
You slice Snorg!!
Snorg is heavily wounded.
Snorg misses you. Snorg claws you!
* * * LOW HITPOINT WARNING * * *
Snorg barely misses you.
You closely miss Snorg.
Snorg is heavily wounded.
You block Snorg's attack. Snorg claws you!
* * * LOW HITPOINT WARNING * * *
A demonic guardian appears!
Snorg closely misses you.
You completely miss Snorg.
Snorg is heavily wounded.
You block Snorg's attack. Snorg claws you.
* * * LOW HITPOINT WARNING * * *
Snorg claws you.
* * * LOW HITPOINT WARNING * * *
Throw: throwing net
Press: ? - help, Shift-Dir - straight line, f - Snorg
Aim: Snorg (heavily wounded, berserk, ally target, 71% to hit)
You throw a throwing net. The throwing net barely misses Snorg.
Your demonic guardian avoids your attack.
Your quasit bites Snorg.
Your quasit claws Snorg. x2
Snorg completely misses your quasit. Snorg misses your quasit.
Snorg barely misses your quasit.
Your quasit closely misses Snorg. x2
Your quasit claws Snorg.
Snorg barely misses your quasit. Snorg closely misses your quasit.
Snorg claws your quasit but does no damage.
You slash Snorg!
Snorg is severely wounded.
Snorg barely misses you. Snorg claws you!
You die...

###....>.....# # #..........#
.+.$. # #####.###### ..+...
#....# #..+..( ####'########
#..#(.. ............# ##..#.
∩.#.........# #...########
..........<.+.###..........###
#...........#(5T@............####
##..........#####..........#.....
.+..........# #..$....!..#####.
##.....>....# ######.##### ##
##'######### #... #..#### #####
##....# ####'### #......#
#.........#


You could see Snorg (berserk, ally target) and a friendly quasit (summoned).

Vanquished Creatures
  Josephine (D:10)
  2 two-headed ogres
  The ghost of osoart the Conjurer, a novice DrCj of Fedhas (D:7)
  The ghost of IdlyInterested the Slasher, a novice DsWn (D:6)
  Maurice (D:11)
  Joseph (D:8)
  2 unseen horrors (D:10)
  A komodo dragon (D:11)
  Psyche (D:10)
  A kobold demonologist (D:11)
  2 trolls
  5 wraiths
  9 yaks
  A vampire (D:11)
  Grum (D:8)
  2 steam dragons (D:10)
  A warg (D:7)
  A two-headed ogre zombie (D:9)
  2 water moccasins
  An acid dragon (D:11)
  3 ice beasts
  2 black bears
  7 orc warriors
  2 ogres
  4 wolves (D:8)
  4 centaurs
  2 phantoms (D:9)
  3 kobold brigands
  2 bullfrogs
  A scorpion (D:6)
  A necrophage (D:3)
  9 wights
  3 troll zombies (D:9)
  17 killer bees
  6 howler monkeys
  3 hounds
  2 gnoll boudas
  2 jellies (D:5)
  4 orc priests
  3 iguanas
  6 orc wizards
  A statue (D:4)
  3 ogre zombies (D:9)
  15 gnolls
  9 adders
  A shadow imp (D:8)
  4 white imps
  2 ufetubi
  A dart slug (D:3)
  39 orcs
  16 ball pythons
  3 bats
  9 endoplasms
  A giant cockroach (D:1)
  7 hobgoblins
  5 jackals
  8 quokkas
  A frilled lizard (D:3)
  A goblin (D:2)
  A goblin skeleton (D:9)
  3 goblin zombies (D:9)
  2 hobgoblin skeletons (D:9)
  3 hobgoblin zombies (D:9)
  15 kobolds
  3 orc skeletons (D:9)
  11 orc zombies (D:9)
  2 rats
289 creatures vanquished.

Vanquished Creatures (collateral kills)
  A bullfrog (D:7)
  An ogre zombie (D:9)
  A white imp (D:8)
  A hobgoblin skeleton (D:9)
  An orc zombie (D:9)
5 creatures vanquished.

Vanquished Creatures (others)
  A plant (D:1)
1 creature vanquished.

Grand Total: 295 creatures vanquished

Notes
Turn   | Place    | Note
-------+----------+-------------------------------------------
     0 | D:1      | IdlyInterested the Demonspawn Wanderer began the quest for
                  | the Orb.
     0 | D:1      | IdlyInterested set off with the following items: a +3
                  | falchion, a +0 sling, a potion of berserk rage, a +0
                  | leather armour.
     0 | D:1      | Reached XP level 1. HP: 16/16 MP: 2/2
    57 | D:1      | Reached skill level 2 in Long Blades
   151 | D:1      | Gained mutation: You are partially covered in large bone
                  | plates. (SH +4) [demonic ancestry]
   151 | D:1      | Reached XP level 2. HP: 22/22 MP: 3/3
   446 | D:1      | Found a faded altar of an unknown god.
   649 | D:1      | Gained mutation: You have a pair of small antennae on your
                  | head. [demonic ancestry]
   649 | D:1      | Reached XP level 3. HP: 28/28 MP: 4/4
  1255 | D:2      | Identified 2 scrolls of acquirement
  1255 | D:2      | Acquired a manual of Fighting
  1765 | D:3      | Found Waprust's Book Emporium.
  1818 | D:3      | Found Cink's Magic Scroll Shoppe.
  1825 | D:2      | Reached skill level 3 in Long Blades
  1825 | D:2      | Gained mutation: You are mostly covered in large bone
                  | plates. (SH +6) [demonic ancestry]
  1825 | D:2      | Reached XP level 4. HP: 16/34 MP: 5/5
  2009 | D:3      | Found a shadowy altar of Dithmenos.
  2021 | D:3      | Found Hobonlan's Antique Weapon Shop.
  2146 | D:3      | Noticed a necrophage
  2157 | D:3      | Killed a necrophage
  2158 | D:3      | Reached XP level 5. HP: 41/41 MP: 6/6
  2510 | D:3      | Reached skill level 1 in Shields
  2758 | D:3      | Bought a scroll of enchant armour for 82 gold pieces
  3010 | D:4      | Reached skill level 4 in Long Blades
  3177 | D:4      | Gained mutation: You have a pair of antennae on your head.
                  | [demonic ancestry]
  3177 | D:4      | Reached XP level 6. HP: 48/48 MP: 7/7
  3181 | D:4      | Found an iron altar of Okawaru.
  3267 | D:4      | Found a radiant altar of Vehumet.
  3747 | D:5      | Entered Level 5 of the Dungeon
  3800 | D:5      | Found a staircase to the Ecumenical Temple.
  3856 | Temple   | Entered the Ecumenical Temple
  3950 | D:5      | Reached skill level 1 in Evocations
  4116 | D:5      | Noticed an ice beast
  4124 | D:5      | Killed an ice beast
  4125 | D:5      | Reached skill level 5 in Long Blades
  4125 | D:5      | Reached XP level 7. HP: 55/55 MP: 8/8
  4970 | D:6      | Noticed IdlyInterested's ghost (novice DsWn)
  4994 | D:6      | Reached skill level 1 in Throwing
  5005 | D:5      | Gained mutation: You passively dampen the noise of your
                  | surroundings. [potion of mutation]
  5005 | D:5      | Gained mutation: You are robust. (+10% HP) [potion of
                  | mutation]
  5027 | D:6      | Reached skill level 5 in Fighting
  5027 | D:6      | Gained mutation: A weak demonic guardian rushes to your
                  | aid. [demonic ancestry]
  5027 | D:6      | Reached XP level 8. HP: 59/68 MP: 9/9
  5066 | D:6      | Reached skill level 6 in Long Blades
  5143 | D:6      | Found a burning altar of Makhleb.
  5328 | D:6      | Found a runed translucent door.
  5537 | D:6      | Killed IdlyInterested's ghost
  5538 | D:6      | Reached skill level 7 in Long Blades
  5610 | D:3      | Bought a glowing scimitar for 147 gold pieces
  5698 | D:7      | Gained mutation: You are completely covered in large bone
                  | plates. (SH +8) [demonic ancestry]
  5698 | D:7      | Reached XP level 9. HP: 74/78 MP: 10/10
  5874 | D:7      | Reached skill level 8 in Long Blades
  5888 | D:7      | Reached skill level 5 in Shields
  6177 | D:7      | Found a runed translucent gate.
  6177 | D:7      | Found a runed translucent gate.
  6177 | D:7      | Found a runed translucent gate.
  6177 | D:7      | Noticed osoart's ghost (novice DrCj)
  6298 | D:7      | Reached skill level 9 in Long Blades
  6516 | D:7      | Killed osoart's ghost
  6517 | D:7      | Reached XP level 10. HP: 67/90 MP: 11/11
  6675 | D:8      | Noticed a two-headed ogre
  6688 | D:8      | Killed a two-headed ogre
  6902 | D:8      | Reached skill level 10 in Long Blades
  6923 | D:8      | Noticed Grum
  6929 | D:8      | Killed Grum
  7013 | D:8      | Noticed Joseph
  7032 | D:8      | Killed Joseph
  7292 | D:9      | Found a staircase to the Orcish Mines.
  7735 | D:9      | Reached skill level 10 in Fighting
  7825 | D:9      | Reached skill level 11 in Long Blades
  7825 | D:9      | Reached XP level 11. HP: 85/99 MP: 12/12
  7840 | D:9      | Found a sparkling altar of Nemelex Xobeh.
  7848 | D:9      | Found a shimmering blue altar of Sif Muna.
  8190 | D:3      | Bought a transparent dagger for 147 gold pieces
  8190 | D:3      | Identified the +7 dagger of Anger {speed, Drain Fragile rC+
                  | Dex+10} (You bought it in a shop on level 3 of the Dungeon)
  8376 | D:10     | Entered Level 10 of the Dungeon
  8732 | D:10     | Noticed Josephine
  8743 | D:10     | Killed Josephine
  8859 | D:10     | Found a blossoming altar of Fedhas.
  9172 | D:10     | Noticed Psyche
  9181 | D:10     | Killed Psyche
  9518 | D:11     | Found a staircase to the Lair.
  9542 | D:11     | Noticed a sixfirhy
  9546 | D:11     | Reached skill level 12 in Long Blades
  9572 | D:11     | Found Dilicve's Antique Weapon Emporium.
  9652 | D:11     | Noticed Maurice
  9665 | D:11     | Killed Maurice
  9704 | D:11     | Found Rimuseg's Jewellery Boutique.
  9809 | D:11     | Found Dorur's Jewellery Emporium.
  9912 | D:11     | Noticed a two-headed ogre
  9934 | D:11     | Killed a two-headed ogre
  9991 | D:11     | Noticed Snorg
  9994 | D:11     | Found a runed translucent gate.
  9996 | D:11     | Found a runed translucent gate.
  9997 | D:11     | Found a runed translucent gate.
 10010 | D:11     | Slain by Snorg

Illustrated notes

Levels and vault maps discovered:
D:1:      dpeg_arrival_erosion, layout_basic,
          hellmonk_ecumenical_altar_dog_temple, roderic_nine_men_s_morris,
          minmay_shallow_snake_nest
D:2:      layout_rooms, dreamdust_princess_corridor
D:3:      layout_basic, nicolae_dithmenos_the_darkroom, serial_shops,
          nicolae_shop_competitors_out_of_business, shop_scrolls, shop
D:4:      layout_rooms, okawaru_ov_weapons_minmay, vehumet_statue,
          nrook_loot_triangle, chequers_serial_rivers_small_3
D:5:      layout_basic, minmay_temple_entry_statues_pillars, serial_glass,
          glass_columns_a, glass_columns_b, glass_columns_a, glass_columns_a,
          glass_columns_a, glass_columns_b, glass_columns_a, glass_columns_b,
          glass_columns_a, glass_columns_a
D:6:      layout_rooms, nicolae_overflow_crystal_walls,
          hellmonk_ghost_happy_afterlife
D:7:      layout_cave_pools, biasface_ghost_orc_armoury
D:8:      layout_rooms, uniq_grum, uniq_joseph
D:9:      layout_loops_cross, tso_altar, minmay_overflow_temple_star_quad,
          zombieorc2_lemuel
D:10:     layout_long_grid, mainiacjoe_overflow_tiny_flanked,
          roderic_serpentine_path, uniq_psyche, uniq_josephine
D:11:     layout_roguey, lair_entry_dummy, ebering_ghost_rock_garden,
          serial_shops, nicolae_shop_stone, kennysheep_mini_moat,
          nicolae_lakefront_shop, uniq_snorg, uniq_maurice
Temple:   nicolae_temple_ecumenical_triangle

Skill      XL: |  1  2  3  4  5  6  7  8  9 10 11 |
---------------+----------------------------------+-----
Armour         | 2 |  2.0
Long Blades    | 2 3 4 5 7 9 11 12 | 12.5
Stealth        | 2 3 |  3.2
Fighting       | 3 4 5 6 8 10 11 | 11.5
Shields        | 1 2 3 4 6 7 8 |  8.0
Dodging        | 2 3 4 |  4.0
Evocations     | 1 2 |  2.0
Throwing       | 1 2 |  2.0
Ranged Weapons | |  1.0
Spellcasting   | |  1.0

Action                   |  1- 3 |  4- 6 |  7- 9 | 10-12 || total
-------------------------+-------+-------+-------+-------++-------
Melee: Falchion          |    92 |   144 |    97 |       ||   333
       Punch             |       |     1 |     2 |     4 ||     7
       Scimitar          |       |       |   113 |   327 ||   440
Throw: Dart              |       |       |    15 |     1 ||    16
       Boomerang         |       |       |       |     7 ||     7
       Throwing net      |       |       |       |     1 ||     1
  Use: Scroll            |     7 |    10 |     4 |     6 ||    27
       Potion            |       |     1 |     4 |     3 ||     8
 Stab: Sleeping          |     6 |     7 |     3 |     8 ||    24
       Distracted        |       |     1 |       |     1 ||     2
Armor: Leather armour    |    10 |       |       |    12 ||    22
       Ring mail         |       |    39 |    42 |    18 ||    99
       Troll leather arm |       |       |       |    44 ||    44
Dodge: Dodged            |    50 |    65 |    71 |   173 ||   359
Block: Other             |     7 |    32 |    60 |   112 ||   211

Table legend: (Time is in decaauts)
 A = Elapsed time spent in this place.
 B = Non-inter-level travel time spent in this place.
 C = Inter-level travel time spent in this place.
 D = Time resting spent in this place.
 E = Time spent auto-exploring this place.
 F = Levels seen in this place.
 G = Mean time per level.
                   A        B        C        D        E       F      G
               +--------+--------+--------+--------+--------+-----+--------+
         Total |  10020 |   8295 |   1725 |    397 |   4889 |  12 |  835.0 |
       Dungeon |   9973 |   8249 |   1724 |    397 |   4871 |  11 |  906.6 |
        Temple |     47 |     46 |      1 |      0 |     18 |   1 |   47.0 |
               +--------+--------+--------+--------+--------+-----+--------+

Top non-repeatable levels by time:
     D:3: 1225 daAuts
     D:5: 1179 daAuts
     D:1: 1155 daAuts
     D:9: 984 daAuts
     D:7: 957 daAuts
    D:10: 877 daAuts
     D:4: 839 daAuts
     D:6: 761 daAuts
     D:2: 707 daAuts
     D:8: 655 daAuts
    D:11: 630 daAuts
  Temple: 47 daAuts
